APP
KINGSPORT METS @ DANVILLE BRAVES
10/28/2045
 
TOP OF THE 1ST
Detroit (WIN) Tigers batting - Pitching for Miami (WIN) Marlins : RHP James Bitner
Pitching: RHP James Bitner
Batting: LHB Arvin Dungca 0-0: Foul Ball, location: 2F
0-1: Foul Ball, location: 2F
0-2: Single, Error in OF, E8, batter to second base (Groundball, 4MD, EV 103.1 MPH)
Batting: LHB Emmanuel Gaskin 0-0: Called Strike
0-1: Ground out 3-1 (Groundball, 34, EV 90.6 MPH)
Arvin Dungca to third
Batting: RHB Manny Vergara 0-0: Ball
1-0: Ball
2-0: Swinging Strike
2-1: Ball
3-1: Called Strike
3-2: Base on Balls
Batting: LHB Tyler Davis 0-0: Ball
1-0: Ball
2-0: Ball
3-0: Base on Balls
Manny Vergara to second
Batting: RHB John Sanders 0-0: Fly out, F9 (Flyball, 89M, EV 84.4 MPH)
Runner from 3rd tags up, SCORES, throw by RF
Manny Vergara to third
Batting: RHB Victor Quinones 0-0: Foul Ball, location: 2F
0-1: SINGLE (Groundball, 5S, EV 70.6 MPH) (infield hit)
Manny Vergara scores
Tyler Davis to second
Batting: RHB Drtian Thaqi 0-0: Swinging Strike
0-1: Ball
1-1: Foul Ball, location: 2F
1-2: Foul Ball, location: 2F
1-2: Ball
2-2: Foul Ball, location: 2F
2-2: Foul Ball, location: 2F
2-2: Ball
3-2: Base on Balls
Tyler Davis to third
Victor Quinones to second
Batting: RHB Antonio Aranda 0-0: Ball
1-0: Fly out, F9 (Flyball, 9LS, EV 83.1 MPH)
Top of the 1st over - 2 runs, 2 hits, 1 error, 3 left on base; Detroit (WIN) 2 - Miami (WIN) 0
BOTTOM OF THE 1ST
Miami (WIN) Marlins batting - Pitching for Detroit (WIN) Tigers : RHP Kevin Hockenbury
Pitching: RHP Kevin Hockenbury
Batting: RHB Danny Moreno 0-0: Called Strike
0-1: Hit by Pitch
Batting: RHB Tony Galvan 0-0: Ball
1-0: Ball
2-0: Called Strike
2-1: Called Strike
2-2: Foul Ball, location: 2F
2-2: Strikes out swinging
Batting: RHB Chris Pena 0-0: Called Strike
0-1: Ball
1-1: SINGLE (Groundball, 6MD, EV 96.3 MPH)
Danny Moreno to second
Runner from 2nd tries for 3rd, SAFE, throw by CF made to third
Batting: LHB Adrian Young 0-0: Ball
1-0: Ball
2-0: Called Strike
2-1: Fielders Choice at 2nd, 6-4 (Groundball, 6M, EV 85.0 MPH)
Danny Moreno scores
Batting: LHB Philip Shirley 0-0: Ball
1-0: Ball
2-0: Called Strike
2-1: Ball
3-1: SINGLE (Groundball, 4D, EV 100.0 MPH)
Adrian Young to second
Runner from 2nd tries for 3rd, SAFE, throw by CF made to third
Philip Shirley to second
Batting: RHB Rafael Borja 0-0: Called Strike
0-1: Called Strike
0-2: Ball
1-2: Strikes out looking
Bottom of the 1st over - 1 run, 2 hits, 0 errors, 2 left on base; Detroit (WIN) 2 - Miami (WIN) 1
TOP OF THE 2ND
Detroit (WIN) Tigers batting - Pitching for Miami (WIN) Marlins : RHP James Bitner
Batting: RHB Jesse Scott 0-0: Ground out 5-3 (Groundball, 5, EV 85.0 MPH)
Batting: LHB Arvin Dungca 0-0: Foul Ball, location: 2F
0-1: DOUBLE (Line Drive, 89M, EV 91.3 MPH)
Batting: LHB Emmanuel Gaskin 0-0: Ball
1-0: Called Strike
Arvin Dungca steals 3rd base
1-1: Foul Ball, location: 2F
1-2: Ball
2-2: Ball
3-2: Base on Balls
Batting: RHB Manny Vergara 0-0: Ball
1-0: Ball
2-0: Ball
3-0: Called Strike
3-1: Foul Ball, location: 2F
3-2: Base on Balls
Emmanuel Gaskin to second
Batting: LHB Tyler Davis 0-0: Called Strike
0-1: Called Strike
0-2: Foul Ball, location: 2F
0-2: SINGLE (Groundball, 4D, EV 101.9 MPH)
Arvin Dungca scores
Emmanuel Gaskin to third
Manny Vergara to second
Runner from 3rd tries for Home, throw by CF and OUT! 8-2
Batting: RHB John Sanders 0-0: Called Strike
0-1: Fly out, F3 (Line Drive, 3, EV 64.4 MPH)
Top of the 2nd over - 1 run, 2 hits, 0 errors, 2 left on base; Detroit (WIN) 3 - Miami (WIN) 1
BOTTOM OF THE 2ND
Miami (WIN) Marlins batting - Pitching for Detroit (WIN) Tigers : RHP Kevin Hockenbury
Batting: LHB Jorge Ramirez 0-0: Ball
1-0: SINGLE (Line Drive, 6D, EV 94.4 MPH)
Batting: RHB Matt Heintz 0-0: Called Strike
0-1: Fielders Choice at 2nd, 3-6 (Groundball, 34S, EV 79.4 MPH)
Batting: RHB Gary Gomez 0-0: Ball
1-0: Ball
2-0: Fly out, F8 (Flyball, 8RD, EV 101.9 MPH)
Batting: RHB Danny Moreno 0-0: Called Strike
0-1: Swinging Strike
0-2: Fly out, F7 (Flyball, 7, EV 91.3 MPH)
Bottom of the 2nd over - 0 runs, 1 hit, 0 errors, 1 left on base; Detroit (WIN) 3 - Miami (WIN) 1
TOP OF THE 3RD
Detroit (WIN) Tigers batting - Pitching for Miami (WIN) Marlins : RHP James Bitner
Batting: RHB Victor Quinones 0-0: Fly out, F9 (Flyball, 9, EV 86.3 MPH)
Batting: RHB Drtian Thaqi 0-0: SINGLE (Groundball, 5S, EV 66.3 MPH) (infield hit)
Batting: RHB Antonio Aranda 0-0: Called Strike
0-1: Ball
1-1: Foul Ball, location: 2F
1-2: Foul Ball, location: 2F
1-2: Strikes out looking
Batting: RHB Jesse Scott 0-0: Ball
1-0: Foul Ball, location: 2F
1-1: Ball
2-1: Ball
3-1: Base on Balls
Drtian Thaqi to second
Batting: LHB Arvin Dungca 0-0: Called Strike
0-1: DOUBLE (Flyball, 8LXD, EV 105.6 MPH)
Drtian Thaqi scores
Jesse Scott to third
Runner from 3rd tries for Home, SAFE, throw by CF to home
Pitching: RHP Scott Price
Batting: LHB Emmanuel Gaskin 0-0: Called Strike
0-1: DOUBLE (Flyball, 8LXD, EV 91.9 MPH)
Arvin Dungca scores
Batting: RHB Manny Vergara 0-0: Ball
1-0: Swinging Strike
1-1: Ball
2-1: Foul Ball, location: 2F
2-2: Ball
3-2: Foul Ball, location: 2F
3-2: Base on Balls
Batting: LHB Tyler Davis 0-0: Ball
1-0: Called Strike
1-1: Ball
2-1: Foul Ball, location: 2F
2-2: SINGLE (Groundball, 3D, EV 103.1 MPH)
Emmanuel Gaskin to third
Manny Vergara to second
Runner from 3rd tries for Home, SAFE, throw by RF to home
Batting: RHB John Sanders 0-0: Reached on error, E4 (Groundball, 4, EV 100.0 MPH)
Manny Vergara to third
Tyler Davis to second
Batting: RHB Victor Quinones 0-0: Called Strike
0-1: DOUBLE (Flyball, 8LXD, EV 101.9 MPH)
Manny Vergara scores
Tyler Davis scores
John Sanders to third
Runner from 3rd tries for Home, SAFE, throw by CF to home
Batting: RHB Drtian Thaqi 0-0: Ball
1-0: DOUBLE (Flyball, 78XD, EV 108.8 MPH)
Victor Quinones scores
Pitching: RHP Lothar Horsten
Batting: RHB Antonio Aranda 0-0: Called Strike
0-1: Foul Ball, location: 2F
0-2: Strikes out swinging
Top of the 3rd over - 8 runs, 6 hits, 1 error, 1 left on base; Detroit (WIN) 11 - Miami (WIN) 1
BOTTOM OF THE 3RD
Miami (WIN) Marlins batting - Pitching for Detroit (WIN) Tigers : RHP Kevin Hockenbury
Batting: RHB Tony Galvan 0-0: Ball
1-0: Ball
2-0: SINGLE (Line Drive, 89S, EV 105.0 MPH)
Batting: RHB Chris Pena 0-0: Ball
1-0: Swinging Strike
1-1: Foul Ball, location: 2F
1-2: Strikes out swinging
Batting: LHB Adrian Young 0-0: Fly out, F7 (Flyball, 7, EV 86.9 MPH)
Batting: LHB Philip Shirley 0-0: Foul Ball, location: 2F
0-1: Ball
1-1: Called Strike
1-2: Strikes out swinging
Bottom of the 3rd over - 0 runs, 1 hit, 0 errors, 1 left on base; Detroit (WIN) 11 - Miami (WIN) 1
TOP OF THE 4TH
Detroit (WIN) Tigers batting - Pitching for Miami (WIN) Marlins : RHP Lothar Horsten
Batting: RHB Jesse Scott 0-0: Ball
1-0: Foul Ball, location: 2F
1-1: Ball
2-1: Ball
3-1: Base on Balls
Batting: LHB Arvin Dungca 0-0: Ball
1-0: Foul Ball, location: 2F
1-1: Swinging Strike
1-2: Foul Ball, location: 2F
1-2: Foul Ball, location: 2F
1-2: Ball
2-2: Fielders Choice at 2nd, 1-6 (Groundball, 13, EV 73.1 MPH)
Batting: LHB Emmanuel Gaskin 0-0: Called Strike
0-1: Ball
1-1: DOUBLE (Line Drive, 9LM, EV 101.9 MPH)
Arvin Dungca to third
Runner from 3rd tries for Home, SAFE, throw by RF to trailing runner, SAFE at third!
Batting: RHB Manny Vergara 0-0: Ball
1-0: Ball
2-0: Ball
3-0: Called Strike
3-1: Swinging Strike
3-2: Base on Balls
Pitching: RHP Berend van der Wal
Batting: LHB Tyler Davis 0-0: Ball
1-0: Grounds into double play, 4-6-3 (Groundball, 4, EV 99.4 MPH)
Top of the 4th over - 1 run, 1 hit, 0 errors, 1 left on base; Detroit (WIN) 12 - Miami (WIN) 1
BOTTOM OF THE 4TH
Miami (WIN) Marlins batting - Pitching for Detroit (WIN) Tigers : RHP Kevin Hockenbury
Batting: RHB Rafael Borja 0-0: Ball
1-0: Ball
2-0: Called Strike
2-1: Swinging Strike
2-2: Strikes out swinging
Batting: LHB Jorge Ramirez 0-0: Ball
1-0: Swinging Strike
1-1: Foul Ball, location: 2F
1-2: Foul Ball, location: 2F
1-2: Foul Ball, location: 2F
1-2: Strikes out looking
Batting: RHB Matt Heintz 0-0: Swinging Strike
0-1: Ground out 5-3 (Groundball, 5S, EV 70.6 MPH)
Bottom of the 4th over - 0 runs, 0 hits, 0 errors, 0 left on base; Detroit (WIN) 12 - Miami (WIN) 1
TOP OF THE 5TH
Detroit (WIN) Tigers batting - Pitching for Miami (WIN) Marlins : RHP Berend van der Wal
Batting: RHB John Sanders 0-0: Called Strike
0-1: Swinging Strike
0-2: SINGLE (Line Drive, 89M, EV 85.0 MPH)
Batting: RHB Victor Quinones 0-0: Ball
1-0: Foul Ball, location: 2F
1-1: Foul Ball, location: 2F
1-2: Strikes out swinging
Batting: RHB Drtian Thaqi 0-0: SINGLE (Groundball, 34D, EV 96.9 MPH)
John Sanders to second
Batting: RHB Antonio Aranda 0-0: Ball
1-0: Swinging Strike
1-1: SINGLE (Line Drive, 78M, EV 104.4 MPH)
John Sanders to third
Drtian Thaqi to second
Runner from 3rd tries for Home, SAFE, throw by LF to home
Batting: RHB Jesse Scott 0-0: Swinging Strike
0-1: Ball
1-1: Foul Ball, location: 2F
1-2: Foul Ball, location: 2F
1-2: Foul Ball, location: 2F
1-2: Foul Ball, location: 2F
1-2: Strikes out swinging
Batting: LHB Arvin Dungca 0-0: Ball
1-0: Ball
2-0: Foul Ball, location: 2F
2-1: Ball
3-1: Foul Ball, location: 2F
3-2: Fly out, F9 (Flyball, 89D, EV 104.4 MPH)
Top of the 5th over - 1 run, 3 hits, 0 errors, 2 left on base; Detroit (WIN) 13 - Miami (WIN) 1
BOTTOM OF THE 5TH
Miami (WIN) Marlins batting - Pitching for Detroit (WIN) Tigers : RHP Kevin Hockenbury
Batting: RHB Gary Gomez 0-0: Called Strike
0-1: Ball
1-1: SINGLE (Line Drive, 8LS, EV 93.1 MPH)
Batting: RHB Danny Moreno 0-0: Called Strike
0-1: Ball
1-1: Swinging Strike
1-2: Ball
2-2: Foul Ball, location: 2F
2-2: Foul Ball, location: 2F
2-2: Foul Ball, location: 2F
2-2: SINGLE (Groundball, 5S, EV 69.4 MPH) (infield hit)
Gary Gomez to second
Batting: RHB Tony Galvan 0-0: Foul Ball, location: 2F
0-1: Ball
1-1: Swinging Strike
1-2: Strikes out swinging
Batting: RHB Chris Pena 0-0: Swinging Strike
0-1: Ball
1-1: Ball
2-1: Ball
3-1: Base on Balls
Gary Gomez to third
Danny Moreno to second
Batting: LHB Adrian Young 0-0: Grounds into double play, 4-6-3 (Groundball, 4M, EV 96.3 MPH)
Bottom of the 5th over - 0 runs, 2 hits, 0 errors, 2 left on base; Detroit (WIN) 13 - Miami (WIN) 1
TOP OF THE 6TH
Detroit (WIN) Tigers batting - Pitching for Miami (WIN) Marlins : RHP Berend van der Wal
Pitching: LHP John Stull
Batting: LHB Emmanuel Gaskin 0-0: Ball
1-0: Ball
2-0: Called Strike
2-1: Ball
3-1: Foul Ball, location: 2F
3-2: DOUBLE (Line Drive, 78XD, EV 101.9 MPH)
Batting: RHB Manny Vergara 0-0: Ball
1-0: Ball
2-0: Ball
Passed Ball!
Emmanuel Gaskin to third
3-0: Base on Balls
Batting: LHB Tyler Davis 0-0: Ball
1-0: Foul Ball, location: 2F
1-1: Foul Ball, location: 2F
1-2: Ball
2-2: Fly out, F8 (Flyball, 8LXD, EV 101.3 MPH)
Runner from 3rd tags up, SCORES, no throw by CF
Batting: RHB John Sanders 0-0: Called Strike
0-1: Ball
1-1: Called Strike
1-2: Ball
2-2: Ball
3-2: Base on Balls
Manny Vergara to second
Batting: RHB Victor Quinones 0-0: Grounds into double play, 1-6-3 (Groundball, 23, EV 71.3 MPH)
Top of the 6th over - 1 run, 1 hit, 0 errors, 1 left on base; Detroit (WIN) 14 - Miami (WIN) 1
BOTTOM OF THE 6TH
Miami (WIN) Marlins batting - Pitching for Detroit (WIN) Tigers : RHP Kevin Hockenbury
Batting: LHB Philip Shirley 0-0: Ball
1-0: Ball
2-0: Foul Ball, location: 2F
2-1: SINGLE (Groundball, 4D, EV 100.0 MPH)
Batting: RHB Rafael Borja 0-0: Ball
1-0: Grounds into double play, 1-6-3 (Groundball, 13S, EV 70.6 MPH)
Batting: LHB Jorge Ramirez 0-0: Called Strike
0-1: Ball
1-1: Ball
2-1: DOUBLE (Line Drive, 8RD, EV 104.4 MPH)
Batting: RHB Matt Heintz 0-0: Foul Ball, location: 2F
0-1: Ball
1-1: Ball
2-1: Foul Ball, location: 2F
2-2: Ball
3-2: Strikes out swinging
Bottom of the 6th over - 0 runs, 2 hits, 0 errors, 1 left on base; Detroit (WIN) 14 - Miami (WIN) 1
TOP OF THE 7TH
Detroit (WIN) Tigers batting - Pitching for Miami (WIN) Marlins : LHP John Stull
Pinch Hitting: RHB Chris Wheatley 0-0: Ball
1-0: Ball
2-0: Ball
3-0: SINGLE (Groundball, 56D, EV 102.5 MPH)
Batting: RHB Antonio Aranda 0-0: Called Strike
0-1: Foul Ball, location: 2F
0-2: Ball
1-2: Strikes out looking
Batting: RHB Jesse Scott 0-0: Called Strike
0-1: Swinging Strike
0-2: Foul Ball, location: 2F
0-2: Ball
1-2: Fly out, F4 (Line Drive, 4, EV 74.4 MPH)
Pinch Hitting: LHB Brad Turner 0-0: Called Strike
0-1: Foul Ball, location: 2F
0-2: Ball
1-2: Ball
2-2: SINGLE (Groundball, 4MD, EV 98.8 MPH)
Chris Wheatley to second
Batting: LHB Emmanuel Gaskin 0-0: Ball
1-0: Called Strike
1-1: Ball
2-1: Ball
3-1: Base on Balls
Chris Wheatley to third
Brad Turner to second
Batting: RHB Manny Vergara 0-0: Called Strike
0-1: Ball
1-1: Swinging Strike
1-2: Foul Ball, location: 2F
1-2: Strikes out looking
Top of the 7th over - 0 runs, 2 hits, 0 errors, 3 left on base; Detroit (WIN) 14 - Miami (WIN) 1
BOTTOM OF THE 7TH
Miami (WIN) Marlins batting - Pitching for Detroit (WIN) Tigers : RHP Kevin Hockenbury
Now at 1B: Chris Wheatley
Now at 2B: Chang-wei Jiang
Pinch Hitting: SHB Bill Burd 0-0: Called Strike
0-1: Swinging Strike
0-2: Strikes out swinging
Batting: RHB Danny Moreno 0-0: Fly out, F9 (Line Drive, 9S, EV 103.1 MPH)
Batting: RHB Tony Galvan 0-0: Ball
1-0: Ball
2-0: Ball
3-0: Base on Balls
Pitching: RHP Eric Putnam
Batting: RHB Chris Pena 0-0: Ball
1-0: Called Strike
1-1: Ball
2-1: Foul Ball, location: 2F
2-2: Ground out 6-3 (Groundball, 6S, EV 86.9 MPH)
Bottom of the 7th over - 0 runs, 0 hits, 0 errors, 1 left on base; Detroit (WIN) 14 - Miami (WIN) 1
TOP OF THE 8TH
Detroit (WIN) Tigers batting - Pitching for Miami (WIN) Marlins : LHP John Stull
Now at SS: Bill Burd
Batting: LHB Tyler Davis 0-0: Fly out, F5 (Flyball, 5D, EV 71.9 MPH)
Pinch Hitting: RHB Dave Reynolds 0-0: Foul Ball, location: 2F
0-1: Fly out, F3 (Popup, 3SF, EV 78.1 MPH)
Batting: RHB Victor Quinones 0-0: Ball
1-0: Called Strike
1-1: Swinging Strike
1-2: Ball
2-2: Strikes out looking
Top of the 8th over - 0 runs, 0 hits, 0 errors, 0 left on base; Detroit (WIN) 14 - Miami (WIN) 1
BOTTOM OF THE 8TH
Miami (WIN) Marlins batting - Pitching for Detroit (WIN) Tigers : RHP Eric Putnam
Now at 2B: Dave Reynolds
Batting: LHB Adrian Young 0-0: Ball
1-0: Ball
2-0: Ground out 4-3 (Groundball, 4S, EV 89.4 MPH)
Batting: LHB Philip Shirley 0-0: Called Strike
0-1: Ground out 6-3 (Groundball, 6, EV 84.4 MPH)
Pinch Hitting: RHB Matt Stirk 0-0: Called Strike
0-1: Foul Ball, location: 2F
0-2: Ball
1-2: Strikes out swinging, 2-3 out at first.
Bottom of the 8th over - 0 runs, 0 hits, 0 errors, 0 left on base; Detroit (WIN) 14 - Miami (WIN) 1
TOP OF THE 9TH
Detroit (WIN) Tigers batting - Pitching for Miami (WIN) Marlins : LHP John Stull
Pitching: LHP Joe Foster
Now at 1B: Matt Stirk
Batting: RHB Chris Wheatley 0-0: Ball
1-0: Swinging Strike
1-1: Hit by Pitch
Batting: RHB Antonio Aranda Pickoff Throw to First - Error! E1
Chris Wheatley to second
0-0: Ball
1-0: SINGLE (Groundball, P, EV 84.4 MPH) (infield hit)
Chris Wheatley to third
Batting: RHB Jesse Scott 0-0: Called Strike
0-1: Ball
1-1: Ball
2-1: Swinging Strike
2-2: Fly out, F7 (Flyball, 7S, EV 84.4 MPH)
Runner from 3rd tags up, SCORES, throw by LF
Batting: RHB Chang-wei Jiang 0-0: Ball
1-0: Called Strike
1-1: Ball
2-1: Fly out, F8 (Flyball, 89M, EV 85.0 MPH)
Batting: LHB Emmanuel Gaskin 0-0: Ball
1-0: Swinging Strike
1-1: Foul Ball, location: 2F
1-2: Ground out 4-3 (Groundball, 4, EV 98.1 MPH)
Top of the 9th over - 1 run, 1 hit, 1 error, 1 left on base; Detroit (WIN) 15 - Miami (WIN) 1
BOTTOM OF THE 9TH
Miami (WIN) Marlins batting - Pitching for Detroit (WIN) Tigers : RHP Eric Putnam
Batting: LHB Jorge Ramirez 0-0: Called Strike
0-1: Foul Ball, location: 2F
0-2: Foul Ball, location: 2F
0-2: Ball
1-2: Foul Ball, location: 2F
1-2: Ball
2-2: Ball
3-2: Ground out 4-3 (Groundball, 4, EV 91.3 MPH)
Pinch Hitting: SHB Roberto Camarena 0-0: Called Strike
0-1: Ball
1-1: Ball
2-1: Ball
3-1: Swinging Strike
3-2: Strikes out looking
Batting: SHB Bill Burd 0-0: Called Strike
0-1: Ball
1-1: Foul Ball, location: 2F
1-2: Ball
2-2: Ball
3-2: Strikes out swinging
Bottom of the 9th over - 0 runs, 0 hits, 0 errors, 0 left on base; Detroit (WIN) 15 - Miami (WIN) 1
Wednesday, June 22nd , 2022 - OOTP Baseball 23.4 Build 64